 Dungeon Crawl Stone Soup version 0.29-a0-82-g837932c90e (webtiles) character file.

Game seed: 16048081899074964395

655 enile the Firebug (level 7, 0/70 HPs)
             Began as an Ogre Fire Elementalist on Feb 5, 2022.
             Was an Initiate of Yredelemnul.
             Slain by a gnoll sergeant (6 damage)
             ... on level 5 of the Dungeon.
             The game lasted 00:05:10 (4143 turns).

enile the Firebug (Ogre Fire Elementalist)          Turns: 4143, Time: 00:05:11

Health: 0/70       AC:  3    Str: 13    XL:     7   Next: 54%
Magic:  7/13       EV:  9    Int: 24    God:    Yredelemnul [......]
Gold:   142        SH:  0    Dex:  9    Spells: 11/14 levels left

rFire   + . .      SeeInvis .   c - +0 short sword
rCold   x . .      Faith    .   (no shield)
rNeg    . . .      Spirit   .   a - +0 robe
rPois   .          Reflect  .   (helmet restricted)
rElec   .          Harm     .   (no cloak)
rCorr   .          Rampage  .   (gloves unavailable)
Will    .....                   (boots unavailable)
Stlth   +.........              (no amulet)
HPRegen 0.21/turn               h - +6 ring of intelligence
MPRegen 0.13/turn               q - ring of fire

@: about to teleport
A: large, unfitting armour, tough skin 1
a: Renounce Religion, Recall Undead Harvest


You were on level 5 of the Dungeon.
You worshipped Yredelemnul.
Yredelemnul was noncommittal.
You visited 1 branch of the dungeon, and saw 5 of its levels.

You collected 207 gold pieces.
You spent 65 gold pieces at shops.

Inventory:

Hand Weapons
 c - a +0 short sword (weapon)
Missiles
 b - an atropa-tipped dart (quivered)
 f - 4 silver javelins
 x - 5 poisoned darts
Armour
 a - a +0 robe (worn)
Jewellery
 h - a +6 ring of intelligence (left hand)
 i - a ring of ice
 q - a ring of fire (right hand)
 v - an amulet of magic regeneration
Scrolls
 j - 2 scrolls of teleportation
 p - 2 scrolls of amnesia
 r - a scroll of fog
 u - a scroll of enchant armour {unknown}
 w - 4 scrolls of identify
Potions
 d - a potion of curing
 e - 3 potions of attraction
 g - 3 potions of magic
 k - a potion of flight
 l - a potion of degeneration {unknown}
 m - 2 potions of experience {unknown}
 n - a potion of mutation {unknown}
 o - a potion of brilliance {unknown}
 s - a potion of haste {unknown}
 t - a potion of ambrosia {unknown}


   Skills:
 - Level 4.0 Fighting
 - Level 1.9 Dodging
 - Level 1.5 Stealth
 - Level 4.0 Spellcasting
 - Level 3.2 Conjurations
 + Level 5.3 Fire Magic
 - Level 2.0 Invocations


You had 11 spell levels left.
You knew the following spells:

 Your Spells              Type           Power      Damage    Failure   Level
a - Foxfire               Conj/Fire      100%       2x1d9     1%          1
b - Scorch                Fire           90%        2d9       1%          2

Your spell library contained the following spells:

 Spells                   Type           Power      Damage    Failure   Level
 Conjure Flame            Conj/Fire      38%        6-21      4%          3
 Animate Skeleton         Necr           8%         N/A       10%         1
 Apportation              Tloc           8%         N/A       10%         1
 Pain                     Necr           16%        1d4       10%         1
 Sting                    Tmut/Pois      16%        1d3       10%         1
 Summon Small Mammal      Summ           16%        N/A       10%         1
 Inner Flame              Hex/Fire       26%        N/A       10%         3
 Poisonous Vapours        Pois/Air       8%         N/A       14%         2
 Flame Wave               Conj/Fire      38%        2d9       17%         4
 Vampiric Draining        Necr           4%         2d6       28%         3
 Olgreb's Toxic Radiance  Pois           4%         N/A       67%         4


Dungeon Overview and Level Annotations

Branches:
Dungeon (5/15)
 Temple: D:4-7

Altars:
Yredelemnul

Shops:
D:4 ?=


Innate Abilities, Weirdness & Mutations

You are too large for most types of armour.
You have tough skin. (AC +1)


Message History

The hound bites you.
* * * LOW HITPOINT WARNING * * *
Something hits your iguana zombie!
Your iguana zombie is destroyed!
Casting: Scorch (safe; 1% risk of failure)
Confirm with . or Enter, or press ? or * to list all spells.
You feel a surge of power!
Flames lash the hound.
The hound is almost dead.
The hound's fire resistance burns away.
The hound bites you but does no damage. The hound bites you.
* * * LOW HITPOINT WARNING * * *
The hound bites you.
* * * LOW HITPOINT WARNING * * *
The hound bites you.
* * * LOW HITPOINT WARNING * * *
The hound is no longer more vulnerable to fire.
The hound barely misses you.
Casting: Scorch (safe; 1% risk of failure)
Confirm with . or Enter, or press ? or * to list all spells.
You feel a surge of power!
You conjure some foxfire!
The hound barely misses you.
The foxfire hits the hound!
You kill the hound!
Your foxfire dissipates!
Throw: 2 darts (atropa)
Press: ? - help, Q - select action, (/) - cycle Shift-Dir - straight line, f - gnoll sergeant
Aim: a gnoll sergeant, wielding a +3 trident of protection and wearing a +0 scale mail (lightly wounded, 64% to hit, chance to blind on hit: 61%)
You throw an atropa-tipped dart.
The atropa-tipped dart hits the gnoll sergeant.
The gnoll sergeant appears confused.
The gnoll sergeant is lightly wounded.
The gnoll sergeant seems less confused.
The gnoll sergeant is no longer blind.
The gnoll sergeant hits you from afar with a +3 trident of protection.
* * * LOW HITPOINT WARNING * * *
As you read the scroll of teleportation, it crumbles to dust.
You feel strangely unstable.
The gnoll sergeant hits you from afar with a +3 trident of protection.
You die...
Your body rises from the dead as a mindless zombie.

....#..............≈≈≈≈.≈≈≈≈≈..
..#.#.........####.≈≈≈≈.≈≈≈≈≈..
#..^.........................
.....#..#.....#####.#+.##......
##.#...#..####.... ..............
.#############################...
.................................
...#..#..#..#..#..#..#..#..#.....
........(...gng.@...........$....
...#..#..#..#..#..#..#..#..#...##
......)........................#
################################


You could see a necrophage, a gnoll sergeant and a gnoll.

Vanquished Creatures
  A black bear (D:4)
  A wyvern zombie (D:5)
  A bullfrog zombie (D:5)
  A hound (D:5)
  An iguana (D:5)
  2 gnolls (D:5)
  A howler monkey skeleton (D:4)
  4 adders
  An adder skeleton (D:4)
  3 dart slugs (D:2)
  6 orcs
  6 ball pythons
  3 endoplasms
  3 giant cockroaches
  6 goblins
  5 hobgoblins
  3 quokkas
  5 bats
  A frilled lizard (D:1)
  8 kobolds
  4 rats
66 creatures vanquished.

Vanquished Creatures (collateral kills)
  Grinder (D:3)
  A black bear (D:3)
  A worm (D:3)
  A kobold (D:3)
4 creatures vanquished.

Vanquished Creatures (others)
  An iguana zombie (D:5)
  A giant cockroach zombie (D:3)
  A goblin zombie (D:4)
  An orc zombie (D:4)
  A quokka zombie (D:3)
  295 foxfires
300 creatures vanquished.

Grand Total: 370 creatures vanquished

Notes
Turn   | Place    | Note
-------+----------+-------------------------------------------
     0 | D:1      | enile the Ogre Fire Elementalist began the quest for the
                  | Orb.
     0 | D:1      | Reached XP level 1. HP: 16/16 MP: 3/3
    76 | D:1      | Reached skill level 1 in Conjurations
   375 | D:1      | Reached skill level 1 in Fighting
   375 | D:1      | Reached XP level 2. HP: 24/27 MP: 0/5
  1343 | D:2      | Reached XP level 3. HP: 37/37 MP: 3/6
  1620 | D:2      | Identified the +2 ring mail of Jahocar {rPois}
  1798 | D:2      | Found a basalt altar of Yredelemnul.
  2040 | D:2      | Became a worshipper of Yredelemnul the Dark
  2132 | D:3      | Reached XP level 4. HP: 40/45 MP: 5/8
  2208 | D:3      | Found a faded altar of an unknown god.
  2323 | D:3      | Reached * piety under Yredelemnul
  2355 | D:3      | Reached skill level 1 in Invocations
  2626 | D:3      | Noticed a black bear
  2635 | D:3      | Killed a black bear
  2636 | D:3      | Reached skill level 3 in Fire Magic
  2636 | D:3      | Reached XP level 5. HP: 54/54 MP: 5/9
  2656 | D:3      | Reached ** piety under Yredelemnul
  2753 | D:3      | Learned a level 2 spell: Scorch
  2794 | D:3      | Noticed Grinder
  2806 | D:3      | Killed Grinder
  2807 | D:3      | Reached skill level 4 in Fire Magic
  2807 | D:3      | Reached XP level 6. HP: 62/62 MP: 1/10
  3010 | D:4      | Reached skill level 5 in Fire Magic
  3154 | D:4      | Found Zeovatto's Magic Scroll Emporium.
  3176 | D:4      | Bought a scroll of identify for 26 gold pieces
  3176 | D:4      | Bought a scroll of teleportation for 39 gold pieces
  3318 | D:4      | Noticed a black bear
  3327 | D:4      | Killed a black bear
  3328 | D:4      | Reached XP level 7. HP: 65/70 MP: 2/11
  3506 | D:4      | Found Heec's Jewellery Boutique.
  3793 | D:5      | Entered Level 5 of the Dungeon
  4143 | D:5      | Slain by a gnoll sergeant

Illustrated notes

Levels and vault maps discovered:
D:1:      zaba_arrival_water, layout_basic
D:2:      layout_rooms, basic_altar
D:3:      layout_rooms, basic_ecumenical_altar, serial_glass, glass_columns_a,
          glass_columns_a, glass_columns_b, glass_columns_c, glass_columns_a,
          glass_columns_a, hangedman_decor_points, uniq_grinder
D:4:      layout_gridville, serial_shops, kennysheep_little_box,
          nicolae_shop_hallway_plus
D:5:      layout_basic, portal_sewer_entry_b, gammafunk_ghost_cemetery,
          columned_hall_lemuel, amcnicky_mini_rare_corridor_liquid,
          hangedman_decor_clover_reticule, minivault_14, st_stairs_5,
          kennysheep_small_spiral, nicolae_grassy_gnolls, uniq_edmund

Skill      XL: |  1  2  3  4  5  6  7 |
---------------+----------------------+-----
Conjurations   | 1 2 3 |  3.2
Fighting       | 1 3 4 |  4.0
Spellcasting   | 3 4 |  4.0
Invocations    | 2 |  2.0
Fire Magic     | 3 4 5 |  5.3
Dodging        | |  1.9
Stealth        | |  1.5

Action                   |  1- 3 |  4- 6 |  7- 9 || total
-------------------------+-------+-------+-------++-------
Melee: Unarmed           |    14 |       |       ||    14
Throw: Dart              |       |       |     1 ||     1
 Cast: Foxfire           |    97 |    67 |    16 ||   180
       Scorch            |       |     7 |    12 ||    19
  Use: Scroll            |       |     6 |     1 ||     7
Armor: Robe              |    21 |     3 |     2 ||    26
Dodge: Dodged            |    20 |     5 |    15 ||    40

Table legend: (Time is in decaauts)
 A = Elapsed time spent in this place.
 B = Non-inter-level travel time spent in this place.
 C = Inter-level travel time spent in this place.
 D = Time resting spent in this place.
 E = Time spent auto-exploring this place.
 F = Levels seen in this place.
 G = Mean time per level.
                   A        B        C        D        E       F      G
               +--------+--------+--------+--------+--------+-----+--------+
         Total |   4150 |   4052 |     98 |      0 |   3324 |   5 |  830.0 |
       Dungeon |   4150 |   4052 |     98 |      0 |   3324 |   5 |  830.0 |
               +--------+--------+--------+--------+--------+-----+--------+

Top non-repeatable levels by time:
     D:1: 1182 daAuts
     D:2: 927 daAuts
     D:3: 874 daAuts
     D:4: 811 daAuts
     D:5: 353 daAuts
